 Dungeon Crawl Stone Soup version 0.21-a0-513-gdcb3f5e (webtiles) character file.

399 Zooty the Conjurer (level 6, -6/41 HPs)
             Began as a Barachi Wanderer on Dec 2, 2017.
             Killed by divine providence
             ... invoked by an orc priest
              (15 damage)
             ... on level 5 of the Dungeon.
             The game lasted 00:10:32 (5041 turns).

Zooty the Conjurer (Barachi Wanderer)               Turns: 5041, Time: 00:10:34

Health: -6/41      AC:  4    Str: 12    XL:     6   Next: 84%
Magic:  4/18       EV: 12    Int: 13    God:
Gold:   227        SH:  0    Dex: 14    Spells: 4/9 levels left

rFire    . . .     SeeInvis .   q - +1 dagger (flame)
rCold    . . .     Gourm    .   (no shield)
rNeg     . . .     Faith    +   o - +1 animal skin
rPois    +         Spirit   .   i - +0 helmet (curse)
rElec    .         Reflect  .   (no cloak)
rCorr    .         Harm     .   (no gloves)
MR       .....                  (no boots)
Stlth    +.........             p - amulet of faith
HPRegen  0.13/turn              e - ring of poison resistance
MPRegen  0.16/turn              n - ring of magical power

@: can't hop, slow
A: +LOS, swims, slowness 1, strong legs 1
a: Hop


You were on level 5 of the Dungeon.
You were not hungry.

You visited 1 branch of the dungeon, and saw 5 of its levels.

You collected 227 gold pieces.

Inventory:

Hand Weapons
 q - a +1 dagger of flaming (weapon)
Armour
 i - a cursed +0 helmet (worn)
 o - a +1 animal skin (worn)
Jewellery
 e - a ring of poison resistance (left hand)
 n - a ring of magical power (right hand)
 p - an amulet of faith (around neck)
 t - an uncursed ring of flight
 w - an uncursed ring of teleportation
Scrolls
 b - a scroll of teleportation
 u - a scroll of magic mapping {unknown}
Potions
 c - a potion of flight
 d - 5 potions of curing
 j - a potion of agility {unknown}
 k - a potion of might
 m - 3 potions of invisibility
 s - a potion of cancellation
Books
 a - a book of Minor Magic

   Spells                             Type                      Level
   a - Magic Dart                     Conjuration                  1
   b - Blink                          Translocation                2
   c - Call Imp                       Summoning                    2
   d - Slow                           Hexes                        2
   e - Conjure Flame                  Conjuration/Fire             3
   f - Mephitic Cloud                 Conjuration/Poison/Air       3
Comestibles
 f - 4 bread rations
 g - a meat ration
 l - 4 fruits
 v - 2 royal jellies


   Skills:
   Level 2.4 Long Blades
 - Level 1.1 Dodging
   Level 1.1 Shields
 - Level 2.1 Spellcasting
 + Level 5.6 Conjurations
   Level 2.1 Hexes
 + Level 4.8 Summonings
   Level 1.1 Air Magic
 - Level 1.1 Evocations


You had 4 spell levels left.
You knew the following spells:

 Your Spells              Type           Power        Failure   Level  Hunger
a - Magic Dart            Conj           ###.         2%          1    ##.....
b - Call Imp              Summ           ##......     5%          2    ###....
c - Blink                 Tloc           N/A          36%         2    ###....


Dungeon Overview and Level Annotations

Branches:
Dungeon (5/15)
 Temple: D:4-7

Altars:
Makhleb
Xom

Shops:
D:4 (

Annotations:
D:5 Roxy's ghost, novice FoFi


Innate Abilities, Weirdness & Mutations

Shadows flee at your approach. (+LOS)
You can swim through water.
You cover ground slowly.
You can hop short distances.


Message History

The orc wizard shouts!
Roxy's ghost (novice Formicid Fighter) comes into view.
Roxy's ghost turns its malevolent gaze towards you.
The orc priest closely misses you.
The orc wizard points at you and mumbles some strange words.
The puff of flame hits you!
* * * LOW HITPOINT WARNING * * *
Found a potion of curing, 14 gold pieces, 15 arrows and a worn wooden wand.
Found an escape hatch in the ceiling.
Found a stone staircase leading down.
An orc and an orc priest come into view.
Hop to where?
Press: ? - help, Dir - move target cursor Boing!
The orc wizard mumbles some strange words.
The orc wizard flickers and vanishes!
Deactivating autopickup; reactivate with Ctrl-A.
Your magical contamination has completely faded away.
The orc priest invokes the aid of Beogh against you.
Beogh smites you!
You die...

#.###..####.
#.
#.....W.....
..
#oo........#
.
#..ยง.......#
#....o.....#
##...{.....#
#....!...$#
#.........#
#...../.@.#
#.........#
###########


You could see 2 orc priests, Roxy's ghost and an orc.

Vanquished Creatures
  2 howler monkeys
  A bullfrog skeleton (D:4)
  A worker ant (D:4)
  A gnoll (D:5)
  7 adders
  An ooze (D:2)
  2 worms
  2 dart slugs
  4 leopard geckos
  An orc (D:3)
  7 giant cockroaches
  10 goblins
  5 hobgoblins
  3 jackals (D:4)
  10 kobolds
  8 bats
  3 frilled lizards
  A giant cockroach zombie (D:2)
  5 rats
74 creatures vanquished.

Vanquished Creatures (collateral kills)
  An ogre (D:4)
  A bullfrog (D:4)
  A hound (D:5)
  Robin (D:4)
  3 gnolls (D:5)
  An adder (D:4)
  An orc (D:4)
  10 goblins (D:4)
  A rat (D:3)
20 creatures vanquished.

Grand Total: 94 creatures vanquished

Notes
Turn   | Place    | Note
-------+----------+-------------------------------------------
     0 | D:1      | Zooty the Barachi Wanderer began the quest for the Orb.
     0 | D:1      | Zooty set off with: a book of Minor Magic, 2 scrolls of teleportation, a +0 robe, a +0 dagger, a bread ration
     0 | D:1      | Reached XP level 1. HP: 13/13 MP: 3/3
     2 | D:1      | Learned a level 1 spell: Magic Dart
   270 | D:1      | Reached skill level 1 in Conjurations
   492 | D:1      | Reached XP level 2. HP: 19/19 MP: 1/5
   609 | D:1      | Reached skill level 2 in Conjurations
  1536 | D:2      | Reached XP level 3. HP: 21/24 MP: 6/6
  1557 | D:2      | Reached skill level 3 in Conjurations
  1752 | D:2      | Learned a level 2 spell: Call Imp
  1755 | D:2      | Learned a level 2 spell: Blink
  1905 | D:2      | Found a burning altar of Makhleb.
  2060 | D:2      | Found a shimmering altar of Xom.
  2178 | D:2      | Reached skill level 1 in Summonings
  2534 | D:3      | Reached XP level 4. HP: 26/30 MP: 7/7
  3225 | D:3      | Reached skill level 4 in Conjurations
  3649 | D:4      | Reached XP level 5. HP: 18/35 MP: 8/8
  4081 | D:4      | Noticed an ogre
  4091 | D:4      | Killed an ogre
  4164 | D:4      | Reached XP level 6. HP: 33/41 MP: 9/9
  4248 | D:4      | Noticed Robin
  4270 | D:4      | Killed Robin
  4270 | D:4      | Reached skill level 5 in Conjurations
  4637 | D:4      | Found Ginureur's Weapon Shoppe.
  4798 | D:5      | Entered Level 5 of the Dungeon
  4799 | D:5      | Noticed a phantom
  4818 | D:5      | Noticed a sky beast
  5039 | D:5      | Noticed Roxy's ghost (novice FoFi)
  5041 | D:5      | Killed from afar by an orc priest

Vault maps used:
D:1:      scummos_arrival_star
D:2:      overflow_temple_1_default, lemuel_crystal_altar
D:3:      first_bread, grunt_ministairs_12
D:4:      serial_shops, shop, uniq_robin
D:5:      marbit_many_paths, serial_shops, nicolae_shop_crystal,
          nicolae_qazlal_general_emergency

Skill      XL: |  1  2  3  4  5  6 |
---------------+-------------------+-----
Conjurations   | 1 2 3 4 5 |  5.6
Summonings     | 1 2 3 4 |  4.8
Long Blades    | |  2.4
Dodging        | |  1.1
Shields        | |  1.1
Spellcasting   | |  2.1
Hexes          | |  2.1
Air Magic      | |  1.1
Evocations     | |  1.1

Action                   |  1- 3 |  4- 6 || total
-------------------------+-------+-------++-------
Melee: Dagger            |    12 |    21 ||    33
       Short sword       |    37 |    24 ||    61
 Cast: Magic Dart        |    89 |   113 ||   202
       Call Imp          |       |    35 ||    35
 Abil: Hop               |       |     1 ||     1
  Use: Scroll            |       |     7 ||     7
       Potion            |       |     1 ||     1
 Stab: Sleeping          |     1 |       ||     1
  Eat: Chunk             |     7 |    14 ||    21
       Fruit             |     1 |       ||     1
Armor: Robe              |     6 |     6 ||    12
       Animal skin       |       |    15 ||    15
Dodge: Dodged            |    33 |    68 ||   101

Table legend:
 A = Spawn XP
 B = Non-spawn XP
 C = Spawn XP percentage of total XP
 D = Spawn monster count
 E = Non-spawn monster count
 F = Spawn count percentage of total count
 G = Total turns spent on level
                    A         B        C        D         E        F      G
               +---------+---------+-------+---------+---------+-------+---------
         Total |       0 |     570 |   0.0 |       0 |      94 |   0.0 |  5041
               +---------+---------+-------+---------+---------+-------+---------
           D:1 |       0 |      30 |   0.0 |       0 |      18 |   0.0 |  1371
           D:2 |       0 |      48 |   0.0 |       0 |      18 |   0.0 |  1074
           D:3 |       0 |      66 |   0.0 |       0 |      21 |   0.0 |  1140
           D:4 |       0 |     308 |   0.0 |       0 |      29 |   0.0 |  1341
           D:5 |       0 |     118 |   0.0 |       0 |       8 |   0.0 |   115
               +---------+---------+-------+---------+---------+-------+---------
